Map: Port Aleksander LE

Players

Minatoeh (Minato)

  • Race: Zerg Zerg
  • Spawn Location: 5:00

Cham - Winner!

  • Race: Zerg Zerg
  • Spawn Location: 11:00

Event: 2019 WCS Spring

VOD

Have the link to the VOD?

Description

Time

  • Played on: May 17, 2019, 7:18 a.m.
  • Length: 6:36

All games in this series

Show
View Real Time Build Order
Export as new Build Order

Minatoeh Zerg 

Build Orders: Pool First 

Get SALT Encoding   

  12  0:01  Drone  
  13  0:13  Overlord  
  13  0:18  Drone  
  14  0:31  Drone x2  
  16  0:42  Spawning Pool  
  15  0:45  Drone  
  15  0:49  Drone  
  17  1:11  Hatchery  
  16  1:13  Drone  
  16  1:18  Extractor  
  16  1:29  Zergling x6  
  19  1:36  Queen  
  21  1:44  Overlord  
  21  1:52  Drone  
  22  2:03  Drone  
  23  2:11  Queen  
  25  2:16  Drone  
  25  2:19  Metabolic Boost  
  26  2:26  Drone  
  26  2:27  Drone  
  27  2:39  Drone  
  27  2:40  Drone  
  28  2:45  Drone x4  
  28  2:50  Drone  
  33  3:04  Hatchery  
  32  3:07  Drone  
  32  3:11  Overlord  
  32  3:12  Drone  
  34  3:18  Zergling x2  
  34  3:19  Evolution Chamber  
  34  3:22  Zergling x2  
  34  3:23  Zergling x2  
  36  3:30  Zergling x2  
  36  3:31  Zergling x6  
  40  3:47  Zergling x2  
  40  3:48  Zergling x2  
  42  3:50  Zerg Ground Armor Level 1  
  42  3:53  Zergling x4  
  44  3:57  Overlord  
  44  3:58  Roach Warren  
  44  4:01  Overlord  
  43  4:05  Drone  
  43  4:06  Extractor  
  43  4:08  Drone  
  44  4:17  Drone x4  
  44  4:18  Drone  
  49  4:29  Zergling x2  
  49  4:30  Zergling x8  
  54  4:33  Zergling x2  
  54  4:35  Zergling x2  
  54  4:37  Zergling x2  
  57  4:41  Zergling x4  
  59  4:47  Overlord  
  59  4:49  Overlord  
  59  4:53  Roach  
  59  4:55  Roach  
  60  5:00  Roach x2  
  60  5:04  Roach  
  63  5:08  Roach  
  63  5:10  Roach  
  63  5:13  Roach  
  69  5:20  Ravager, Zergling x6  
  74  5:21  Zergling x2  
  74  5:24  Ravager x2  
  74  5:27  Zergling x4  
  78  5:31  Zergling x4  
  78  5:33  Zergling x2  
  78  5:35  Zergling x2  
  82  5:38  Overlord  
  81  5:55  Zergling x2  
  81  5:56  Zergling x16  
  78  6:01  Zergling x2  
  66  6:05  Zergling x2  
  63  6:16  Ravager x2  
  53  6:19  Zergling x4  
Show
View Real Time Build Order
Export as new Build Order

Cham Zerg - Winner!

Build Orders: Hatch First 

Get SALT Encoding   

  12  0:01  Drone  
  13  0:08  Drone  
  14  0:17  Overlord  
  14  0:36  Drone x2  
  16  0:49  Hatchery  
  15  0:53  Drone  
  15  0:56  Drone  
  17  1:07  Extractor  
  16  1:13  Spawning Pool  
  16  1:16  Drone  
  16  1:21  Drone  
  16  1:24  Drone  
  18  1:30  Drone  
  19  1:41  Overlord  
  19  1:59  Queen  
  19  2:00  Zergling x2  
  22  2:01  Queen  
  22  2:03  Zergling x2  
  22  2:05  Drone  
  26  2:11  Metabolic Boost  
  26  2:15  Zergling x2  
  27  2:18  Drone  
  28  2:28  Drone x2  
  29  2:40  Queen  
  29  2:46  Drone x3  
  29  2:47  Drone  
  33  2:56  Overlord  
  33  2:57  Drone  
  34  3:06  Drone  
  35  3:14  Drone  
  35  3:15  Drone x6  
  42  3:22  Overlord  
  42  3:23  Evolution Chamber  
  41  3:35  Hatchery  
  41  3:38  Zergling x4  
  41  3:39  Zergling x2  
  43  3:44  Zergling x2  
  43  3:45  Zergling x4  
  47  3:49  Roach Warren  
  47  3:54  Zergling x8  
  50  3:57  Zergling x4  
  50  4:02  Overlord  
  52  4:06  Overlord  
  52  4:17  Overlord  
  52  4:21  Zergling x12  
  58  4:30  Roach x2  
  62  4:37  Roach x2  
  66  4:47  Roach x3  
  72  4:54  Overlord  
  72  4:56  Roach x2  
  72  4:58  Roach x2  
  72  4:59  Roach  
  80  5:01  Baneling Nest  
  80  5:03  Roach x2  
  78  5:09  Zergling x2  
  78  5:10  Zergling x2  
  78  5:11  Zergling x2  
  81  5:18  Zergling x2  
  81  5:19  Zergling x4  
  85  5:21  Zergling x6  
  88  5:28  Zergling x4  
  88  5:31  Overlord  
  88  5:32  Overlord  
  89  5:45  Baneling  
  89  5:49  Zergling x4  
  91  5:53  Zergling x4  
  91  5:54  Zergling x4  
  78  5:58  Zergling x2  
  78  6:01  Zergling x8  
  74  6:07  Zergling x14  
  79  6:17  Zergling x6  
  78  6:19  Ravager, Zergling x4  
  78  6:20  Ravager  
  83  6:30  Ravager  
Tags
 
Add a new tag
Caveats
  • Supply blocks, unpowered buildings, or Contaminate may cause inaccurate times.
  • Supply counts are checked every 10 seconds.